TOP OF THE 1ST |
Colorado Billy Goats batting - Pitching for Thunder Bay Northern Lions BC : RHP Jonathan Jones
|
Pitching: RHP Jonathan Jones
|
|
Batting: LHB David de Meij
|
0-0: Ball 1-0: Ball 2-0: Ball 3-0: Base on Balls
|
Batting: LHB Ricardo Yates
|
0-0: Ball 1-0: Ball 2-0: Fly out, F7 (Flyball, 7LD, EV 86.9 MPH)
|
Batting: LHB Tim Gonzáles
|
0-0: Ball David de Meij steals 2nd base 1-0: Foul Ball, location: 2F 1-1: Ball 2-1: Ball David de Meij steals 3rd base 3-1: Foul Ball, location: 2F 3-2: Strikes out swinging
|
Batting: LHB Robby Sinor
|
0-0: Foul Ball, location: 2F 0-1: Ball 1-1: Swinging Strike 1-2: Ball 2-2: Strikes out swinging
|
Top of the 1st over - 0 runs, 0 hits, 0 errors, 1 left on base; Colorado 0 - Thunder Bay 0 |
BOTTOM OF THE 1ST |
Thunder Bay Northern Lions BC batting - Pitching for Colorado Billy Goats : RHP Knud Herrewijn
|
Pitching: RHP Knud Herrewijn
|
|
Batting: LHB Ramón Padilla
|
0-0: Ball 1-0: Foul Ball, location: 2F 1-1: Ball 2-1: Foul Ball, location: 2F 2-2: Ball 3-2: Strikes out swinging wild pitch, reaches first!
|
Batting: RHB Charles Josse
|
0-0: Ball Passed Ball! Ramón Padilla to second 1-0: Ball 2-0: Foul Ball, location: 2F 2-1: Foul Ball, location: 2F 2-2: SINGLE (Flyball, 89S, EV 91.9 MPH) Ramón Padilla to third
|
Batting: LHB Keaton Kringlen
|
0-0: Called Strike 0-1: Ball 1-1: Ball 2-1: Called Strike 2-2: Ball 3-2: Base on Balls Charles Josse to second
|
Batting: LHB Sébastien Cornu
|
0-0: Called Strike 0-1: GRAND SLAM HOME RUN (Flyball, 89XD, EV 95.6 MPH), Distance : 428 ft
|
Batting: RHB Curf Pierstisnips
|
0-0: Called Strike 0-1: Swinging Strike 0-2: Ball 1-2: Ball 2-2: Foul Ball, location: 2F 2-2: Strikes out swinging
|
Batting: LHB Yao-pang Chiang
|
0-0: Called Strike 0-1: Ball 1-1: Ball 2-1: Fly out, F7 (Flyball, 7D, EV 106.2 MPH)
|
Batting: RHB Dusty Crum
|
0-0: Called Strike 0-1: Swinging Strike 0-2: Strikes out swinging
|
Bottom of the 1st over - 4 runs, 2 hits, 0 errors, 0 left on base; Colorado 0 - Thunder Bay 4 |
TOP OF THE 2ND |
Colorado Billy Goats batting - Pitching for Thunder Bay Northern Lions BC : RHP Jonathan Jones
|
Batting: LHB Samual Johnson
|
0-0: Ball 1-0: Ball 2-0: Ball 3-0: Called Strike 3-1: Called Strike 3-2: Foul Ball, location: 2F 3-2: SOLO HOME RUN (Flyball, 89XD, EV 109.4 MPH), Distance : 388 ft
|
Batting: RHB Paul Byrd
|
0-0: Fly out, F7 (Flyball, 78S, EV 75.0 MPH)
|
Batting: LHB Ruhinda Kirkconnell
|
0-0: Ball 1-0: Called Strike 1-1: Called Strike 1-2: SINGLE (Groundball, 3L, EV 96.2 MPH) (infield hit)
|
Batting: SHB Raoul de Gilde
|
0-0: Ball 1-0: Called Strike 1-1: Swinging Strike 1-2: Strikes out looking
|
Batting: RHB Matt Méndez
|
0-0: Ball 1-0: Ball 2-0: Called Strike 2-1: Called Strike 2-2: Ball 3-2: Fly out, F8 (Flyball, 78S, EV 88.1 MPH)
|
Top of the 2nd over - 1 run, 2 hits, 0 errors, 1 left on base; Colorado 1 - Thunder Bay 4 |
BOTTOM OF THE 2ND |
Thunder Bay Northern Lions BC batting - Pitching for Colorado Billy Goats : RHP Knud Herrewijn
|
Batting: RHB Griffin Woodfinlevine
|
0-0: Ground out 5-3 (Groundball, 56S, EV 91.9 MPH)
|
Batting: LHB Barry Flauker
|
0-0: Ball 1-0: Called Strike 1-1: Swinging Strike 1-2: Fly out, F6 (Flyball, 56D, EV 85.0 MPH)
|
Batting: LHB Ramón Padilla
|
0-0: Ball 1-0: Called Strike 1-1: Foul Ball, location: 2F 1-2: Ball 2-2: Foul Ball, location: 2F 2-2: Foul Ball, location: 2F 2-2: Fly out, F9 (Line Drive, 9, EV 101.9 MPH)
|
Bottom of the 2nd over - 0 runs, 0 hits, 0 errors, 0 left on base; Colorado 1 - Thunder Bay 4 |
TOP OF THE 3RD |
Colorado Billy Goats batting - Pitching for Thunder Bay Northern Lions BC : RHP Jonathan Jones
|
Batting: LHB David de Meij
|
0-0: Ball 1-0: Ball 2-0: Ball 3-0: Base on Balls
|
Batting: LHB Ricardo Yates
|
0-0: Fly out, F8 (Flyball, 8LM, EV 85.0 MPH)
|
Batting: LHB Tim Gonzáles
|
0-0: Called Strike David de Meij steals 2nd base 0-1: Ball 1-1: Foul Ball, location: 2F 1-2: Foul Ball, location: 2F 1-2: Ball 2-2: Ground out 4-3 (Groundball, 4, EV 101.2 MPH) David de Meij to third
|
Batting: LHB Robby Sinor
|
0-0: Ball 1-0: Called Strike 1-1: Ball 2-1: Foul Ball, location: 2F 2-2: Foul Ball, location: 2F 2-2: Foul Ball, location: 2F 2-2: Strikes out swinging
|
Top of the 3rd over - 0 runs, 0 hits, 0 errors, 1 left on base; Colorado 1 - Thunder Bay 4 |
BOTTOM OF THE 3RD |
Thunder Bay Northern Lions BC batting - Pitching for Colorado Billy Goats : RHP Knud Herrewijn
|
Batting: RHB Charles Josse
|
0-0: Called Strike 0-1: Foul Ball, location: 2F 0-2: Ball 1-2: DOUBLE (Line Drive, 89XD, EV 109.4 MPH)
|
Batting: LHB Keaton Kringlen
|
0-0: Ball 1-0: Foul Ball, location: 2F 1-1: Fly out, F6 (Popup, 56D, EV 65.6 MPH)
|
Batting: LHB Sébastien Cornu
|
0-0: Ball 1-0: Ball 2-0: Ball 3-0: Called Strike 3-1: Foul Ball, location: 2F 3-2: Base on Balls
|
Batting: RHB Curf Pierstisnips
|
0-0: Fly out, F9 (Flyball, 9LMF, EV 96.9 MPH)
|
Batting: LHB Yao-pang Chiang
|
0-0: Called Strike 0-1: Ball 1-1: Swinging Strike 1-2: Ball 2-2: Ball 3-2: Foul Ball, location: 2F 3-2: Foul Ball, location: 2F 3-2: Fly out, F7 (Flyball, 7, EV 93.1 MPH)
|
Bottom of the 3rd over - 0 runs, 1 hit, 0 errors, 2 left on base; Colorado 1 - Thunder Bay 4 |
TOP OF THE 4TH |
Colorado Billy Goats batting - Pitching for Thunder Bay Northern Lions BC : RHP Jonathan Jones
|
Batting: LHB Samual Johnson
|
0-0: Fly out, F9 (Flyball, 9S, EV 87.5 MPH)
|
Batting: RHB Paul Byrd
|
0-0: Called Strike 0-1: Ball 1-1: Foul Ball, location: 2F 1-2: Foul Ball, location: 2F 1-2: Ball 2-2: Ground out 5-3 (Groundball, 56S, EV 83.8 MPH)
|
Pitching: RHP Miguel Rodríguez
|
|
Batting: LHB Ruhinda Kirkconnell
|
0-0: Called Strike 0-1: Foul Ball, location: 2F 0-2: Strikes out swinging
|
Top of the 4th over - 0 runs, 0 hits, 0 errors, 0 left on base; Colorado 1 - Thunder Bay 4 |
BOTTOM OF THE 4TH |
Thunder Bay Northern Lions BC batting - Pitching for Colorado Billy Goats : RHP Knud Herrewijn
|
Batting: RHB Dusty Crum
|
0-0: Called Strike 0-1: Ground out 6-3 (Groundball, 6, EV 87.5 MPH)
|
Batting: RHB Griffin Woodfinlevine
|
0-0: Fly out, F3 (Popup, 3SF, EV 81.9 MPH)
|
Batting: LHB Barry Flauker
|
0-0: Called Strike 0-1: Ball 1-1: Ball 2-1: SINGLE (Groundball, 4, EV 97.5 MPH) (infield hit)
|
Batting: LHB Ramón Padilla
|
0-0: Called Strike 0-1: Ball 1-1: Ball 2-1: Called Strike 2-2: Ball 3-2: DOUBLE (Line Drive, 78D, EV 102.5 MPH) Barry Flauker to third Barry Flauker scores
|
Pitching: LHP Ron Fernández
|
|
Batting: RHB Charles Josse
|
0-0: Ball Wild Pitch! Ramón Padilla to third 1-0: Foul Ball, location: 2F 1-1: Ball 2-1: Foul Ball, location: 2F 2-2: Fly out, F9 (Flyball, 9D, EV 99.4 MPH)
|
Bottom of the 4th over - 1 run, 2 hits, 0 errors, 1 left on base; Colorado 1 - Thunder Bay 5 |
TOP OF THE 5TH |
Colorado Billy Goats batting - Pitching for Thunder Bay Northern Lions BC : RHP Miguel Rodríguez
|
Batting: SHB Raoul de Gilde
|
0-0: Ball 1-0: Foul Ball, location: 2F 1-1: Foul Ball, location: 2F 1-2: Foul Ball, location: 2F 1-2: Ball 2-2: Ball 3-2: DOUBLE (Flyball, 89D, EV 96.9 MPH)
|
Batting: RHB Matt Méndez
|
0-0: Ball 1-0: Ball 2-0: Foul Ball, location: 2F 2-1: Foul Ball, location: 2F 2-2: Foul Ball, location: 2F 2-2: Ball 3-2: 2-RUN HOME RUN (Flyball, 7D, EV 113.8 MPH), Distance : 394 ft
|
Batting: LHB David de Meij
|
0-0: SINGLE (Line Drive, 7S, EV 105.0 MPH)
|
Batting: LHB Ricardo Yates
|
0-0: Ball 1-0: Sac Bunt to 23 - play at first, batter OUT! 3-4 David de Meij to second
|
Batting: LHB Tim Gonzáles
|
0-0: Called Strike 0-1: Fly out, F4 (Popup, 4, EV 66.2 MPH)
|
Batting: LHB Robby Sinor
|
0-0: Called Strike 0-1: Foul Ball, location: 2F 0-2: Ball 1-2: Ball 2-2: Ball 3-2: Fly out, F8 (Line Drive, 8RD, EV 90.6 MPH)
|
Top of the 5th over - 2 runs, 3 hits, 0 errors, 1 left on base; Colorado 3 - Thunder Bay 5 |
BOTTOM OF THE 5TH |
Thunder Bay Northern Lions BC batting - Pitching for Colorado Billy Goats : LHP Ron Fernández
|
Batting: LHB Keaton Kringlen
|
0-0: Ball 1-0: Ball 2-0: Called Strike 2-1: Foul Ball, location: 2F 2-2: Fly out, F6 (Popup, P, EV 82.5 MPH)
|
Batting: LHB Sébastien Cornu
|
0-0: Ball 1-0: Swinging Strike 1-1: Ball 2-1: Ball 3-1: Base on Balls
|
Batting: RHB Curf Pierstisnips
|
0-0: SINGLE (Flyball, 78S, EV 93.1 MPH) Sébastien Cornu to second
|
Batting: LHB Yao-pang Chiang
|
0-0: Foul Ball, location: 2F 0-1: Ball 1-1: Foul Ball, location: 2F 1-2: Ball 2-2: Grounds into double play, 1-6-3 (Groundball, 34S, EV 70.0 MPH)
|
Bottom of the 5th over - 0 runs, 1 hit, 0 errors, 1 left on base; Colorado 3 - Thunder Bay 5 |
TOP OF THE 6TH |
Colorado Billy Goats batting - Pitching for Thunder Bay Northern Lions BC : RHP Miguel Rodríguez
|
Batting: LHB Samual Johnson
|
0-0: Foul Ball, location: 2F 0-1: Ball 1-1: Ball 2-1: Foul Ball, location: 2F 2-2: Foul Ball, location: 2F 2-2: DOUBLE (Line Drive, 78M, EV 96.9 MPH)
|
Pitching: LHP Peace Addo
|
|
Batting: RHB Paul Byrd
|
0-0: Foul Ball, location: 2F 0-1: Ball 1-1: Ball 2-1: Swinging Strike 2-2: Strikes out swinging
|
Batting: LHB Ruhinda Kirkconnell
|
0-0: Foul Ball, location: 2F 0-1: Ball 1-1: Ball 2-1: Ball 3-1: Foul Ball, location: 2F 3-2: SINGLE (Line Drive, 56D, EV 98.1 MPH) Samual Johnson to third
|
Batting: SHB Raoul de Gilde
|
0-0: Fly out, F3 (Popup, 3F, EV 59.4 MPH)
|
Batting: RHB Matt Méndez
|
0-0: Called Strike 0-1: Called Strike 0-2: Ball 1-2: Strikes out swinging
|
Top of the 6th over - 0 runs, 2 hits, 0 errors, 2 left on base; Colorado 3 - Thunder Bay 5 |
BOTTOM OF THE 6TH |
Thunder Bay Northern Lions BC batting - Pitching for Colorado Billy Goats : LHP Ron Fernández
|
Batting: RHB Dusty Crum
|
0-0: Ball 1-0: Fly out, F3 (Popup, 3S, EV 71.9 MPH)
|
Batting: RHB Griffin Woodfinlevine
|
0-0: Foul Ball, location: 2F 0-1: Called Strike 0-2: Foul Ball, location: 2F 0-2: Ball 1-2: Ball 2-2: Foul Ball, location: 2F 2-2: Foul Ball, location: 2F 2-2: Ground out 1-3 (Groundball, 13, EV 70.0 MPH)
|
Batting: LHB Barry Flauker
|
0-0: Ball 1-0: SINGLE (Groundball, 6D, EV 106.9 MPH)
|
Batting: LHB Ramón Padilla
|
0-0: Ball 1-0: Ball 2-0: Foul Ball, location: 2F 2-1: Foul Ball, location: 2F 2-2: Foul Ball, location: 2F 2-2: Foul Ball, location: 2F 2-2: Ball 3-2: Base on Balls Barry Flauker to second
|
Batting: RHB Charles Josse
|
0-0: Ball 1-0: Fly out, F7 (Flyball, 78M, EV 90.6 MPH)
|
Bottom of the 6th over - 0 runs, 1 hit, 0 errors, 2 left on base; Colorado 3 - Thunder Bay 5 |
TOP OF THE 7TH |
Colorado Billy Goats batting - Pitching for Thunder Bay Northern Lions BC : LHP Peace Addo
|
Batting: LHB David de Meij
|
0-0: Called Strike 0-1: Ball 1-1: Foul Ball, location: 2F 1-2: Foul Ball, location: 2F 1-2: Strikes out swinging
|
Batting: LHB Ricardo Yates
|
0-0: Called Strike 0-1: Ball 1-1: Ball 2-1: SINGLE (Groundball, 4MD, EV 99.4 MPH)
|
Pitching: LHP Masamichi Nakagawa
|
|
Batting: LHB Tim Gonzáles
|
0-0: Ball Ricardo Yates steals 2nd base 1-0: Swinging Strike 1-1: Fly out, F1 (Line Drive, P, EV 71.2 MPH)
|
Batting: LHB Robby Sinor
|
0-0: Called Strike 0-1: Foul Ball, location: 2F 0-2: Strikes out looking
|
Top of the 7th over - 0 runs, 1 hit, 0 errors, 1 left on base; Colorado 3 - Thunder Bay 5 |
BOTTOM OF THE 7TH |
Thunder Bay Northern Lions BC batting - Pitching for Colorado Billy Goats : LHP Ron Fernández
|
Batting: LHB Keaton Kringlen
|
0-0: Ball 1-0: SOLO HOME RUN (Flyball, 9D, EV 88.1 MPH), Distance : 338 ft
|
Batting: LHB Sébastien Cornu
|
0-0: Ball 1-0: Swinging Strike 1-1: Swinging Strike 1-2: Strikes out swinging
|
Batting: RHB Curf Pierstisnips
|
0-0: Ball 1-0: SOLO HOME RUN (Flyball, 7D, EV 105.0 MPH), Distance : 395 ft
|
Pitching: RHP Richard Arnie
|
|
Batting: LHB Yao-pang Chiang
|
0-0: Called Strike 0-1: Swinging Strike 0-2: Ball 1-2: Ball 2-2: Ball 3-2: Foul Ball, location: 2F 3-2: SOLO HOME RUN (Flyball, 78XD, EV 100.6 MPH), Distance : 409 ft
|
Batting: RHB Dusty Crum
|
0-0: Ball 1-0: Foul Ball, location: 2F 1-1: Ball 2-1: Called Strike 2-2: Ball 3-2: Strikes out swinging
|
Batting: RHB Griffin Woodfinlevine
|
0-0: Ball 1-0: Ball 2-0: Called Strike 2-1: Foul Ball, location: 2F 2-2: Ground out 5-3 (Groundball, 56S, EV 65.6 MPH)
|
Bottom of the 7th over - 3 runs, 3 hits, 0 errors, 0 left on base; Colorado 3 - Thunder Bay 8 |
TOP OF THE 8TH |
Colorado Billy Goats batting - Pitching for Thunder Bay Northern Lions BC : LHP Masamichi Nakagawa
|
Batting: LHB Samual Johnson
|
0-0: Ground out 4-3 (Groundball, 34, EV 88.8 MPH)
|
Batting: RHB Paul Byrd
|
0-0: Called Strike 0-1: Foul Ball, location: 2F 0-2: Ball 1-2: DOUBLE (Groundball, 5L, EV 100.0 MPH)
|
Batting: LHB Ruhinda Kirkconnell
|
0-0: Foul Ball, location: 2F 0-1: Foul Ball, location: 2F 0-2: Foul Ball, location: 2F 0-2: Ball 1-2: Foul Ball, location: 2F 1-2: SINGLE (Groundball, 3D, EV 99.4 MPH) Paul Byrd to third Runner from 3rd tries for Home, SAFE, throw by RF to home
|
Pitching: RHP Von Hansen
|
|
Batting: SHB Raoul de Gilde
|
0-0: Ball 1-0: Ball 2-0: Ball 3-0: Called Strike 3-1: Foul Ball, location: 2F 3-2: Foul Ball, location: 2F 3-2: Ground out 5-3 (Groundball, 5, EV 97.5 MPH) Ruhinda Kirkconnell to second
|
Batting: RHB Matt Méndez
|
0-0: Foul Ball, location: 2F 0-1: Ground out 5-3 (Groundball, 56, EV 85.6 MPH)
|
Top of the 8th over - 1 run, 2 hits, 0 errors, 1 left on base; Colorado 4 - Thunder Bay 8 |
BOTTOM OF THE 8TH |
Thunder Bay Northern Lions BC batting - Pitching for Colorado Billy Goats : RHP Richard Arnie
|
Batting: LHB Barry Flauker
|
0-0: Called Strike 0-1: Ball 1-1: Ball 2-1: Ball 3-1: Base on Balls
|
Pitching: LHP Mamadou Boutin
|
|
Batting: LHB Ramón Padilla
|
0-0: Ball Barry Flauker steals 2nd base (no throw) 1-0: Foul Ball, location: 2F 1-1: Ball 2-1: Ground out 5-3 (Groundball, 56S, EV 83.1 MPH)
|
Batting: RHB Charles Josse
|
0-0: Called Strike 0-1: Ball 1-1: Foul Ball, location: 2F 1-2: Strikes out swinging
|
Batting: LHB Keaton Kringlen
|
0-0: Ball 1-0: Ball 2-0: Called Strike 2-1: Called Strike 2-2: Fly out, F7 (Flyball, 7, EV 77.5 MPH)
|
Bottom of the 8th over - 0 runs, 0 hits, 0 errors, 1 left on base; Colorado 4 - Thunder Bay 8 |
TOP OF THE 9TH |
Colorado Billy Goats batting - Pitching for Thunder Bay Northern Lions BC : RHP Von Hansen
|
Batting: LHB David de Meij
|
0-0: Called Strike 0-1: Foul Ball, location: 2F 0-2: Strikes out swinging
|
Batting: LHB Ricardo Yates
|
0-0: Swinging Strike 0-1: Ball 1-1: Ball 2-1: Foul Ball, location: 2F 2-2: Strikes out swinging
|
Batting: LHB Tim Gonzáles
|
0-0: Foul Ball, location: 2F 0-1: Ball 1-1: Ball 2-1: Ball 3-1: Called Strike 3-2: Base on Balls
|
Pitching: RHP Jean-Marie Beck
|
|
Batting: LHB Robby Sinor
|
0-0: Ball 1-0: Fly out, F4 (Line Drive, 3, EV 74.4 MPH)
|
Top of the 9th over - 0 runs, 0 hits, 0 errors, 1 left on base; Colorado 4 - Thunder Bay 8 |
|